 Dungeon Crawl Stone Soup version 0.27-a0-40-g5f2be0e231 (webtiles) character file.

Game seed: 17650038357135031452

83 hehateme the Skirmisher (level 4, -1/29 HPs)
             Began as a Kobold Abyssal Knight on Jan 6, 2021.
             Was a Follower of Lugonu.
             Shot with a stone by a goblin (3 damage)
             ... on level 3 of the Dungeon.
             The game lasted 00:04:15 (4039 turns).

hehateme the Skirmisher (Kobold Abyssal Knight)     Turns: 4039, Time: 00:04:15

Health: -1/29      AC:  3    Str: 10    XL:     4   Next: 71%
Magic:  5/5        EV: 14    Int: 13    God:    Lugonu [*.....]
Gold:   165        SH:  0    Dex: 14    Spells: 3/3 levels left

rFire    . . .     SeeInvis .   a - +1 hand axe
rCold    . . .     Faith    .   (shield restricted)
rNeg     . . .     Spirit   .   b - +0 leather armour
rPois    .         Reflect  .   (no helmet)
rElec    .         Harm     .   (no cloak)
rCorr    .         Rampage  .   (no gloves)
Will     .....                  (no boots)
Stlth    ++........             (no amulet)
HPRegen  0.09/turn              (no ring)
MPRegen  0.09/turn              (no ring)

@: brilliant
A: small, nightstalker 3
a: Renounce Religion, Depart the Abyss


You were on level 3 of the Dungeon.
You worshipped Lugonu.
Lugonu was aware of your devotion.
You visited 1 branch of the dungeon, and saw 3 of its levels.
You visited the Abyss 1 time.

You collected 165 gold pieces.

Inventory:

Hand Weapons
 a - a +1 hand axe (weapon)
Missiles
 c - 32 sling bullets
 d - 36 bolts
 g - 73 stones (quivered)
 i - 3 javelins
 q - 6 boomerangs
 Q - 29 arrows
Armour
 b - a +0 leather armour (worn)
Jewellery
 o - a +4 ring of protection {unknown}
Scrolls
 e - 5 scrolls of identify {unknown}
 h - 2 scrolls of fog {unknown}
 k - a scroll of teleportation {unknown}
 n - a scroll of amnesia {unknown}
 p - a scroll of magic mapping {unknown}
 r - a scroll of enchant weapon {unknown}
 w - a scroll of immolation {unknown}
Potions
 f - 2 potions of magic {unknown}
 j - a potion of might {unknown}
 l - a potion of heal wounds {unknown}
 m - a potion of degeneration {unknown}
 s - a potion of resistance {unknown}
 t - a potion of cancellation {unknown}
 u - a potion of flight {unknown}


   Skills:
 + Level 4.1 Fighting
 * Level 3.1 Axes
 - Level 0.7 Armour
 + Level 2.6 Dodging
 - Level 2.0 Invocations


You had 3 spell levels left.
You didn't know any spells.
Your spell library was empty.

Dungeon Overview and Level Annotations

Branches:
Dungeon (3/15)

Altars:
Nemelex Xobeh

Annotations:
D:1 exclusion: gnoll
D:2 exclusion: downstairs


Innate Abilities, Weirdness & Mutations

You are small and have problems with some larger weapons.
You are completely attuned to the shadows.


Message History

The orc wizard casts a spell at you. The magic dart hits you!
You see here a stone.
You take 7 damage, and have 16/29 hp.
GAME OVER YEAH!!
You see here 2 stones.
Items here: (( ) [ †.
The goblin shoots a stone.
The stone barely misses you.
The orc priest shouts!
The goblin shoots a stone.
The stone barely misses you.
You aren't carrying any items that you can evoke.
Okay, then.
It was a potion of brilliance.
You feel clever all of a sudden.
The orc priest mumbles some strange prayers to Beogh against you.
Beogh smites you!
Ouch! That really hurt!
* * * LOW HITPOINT WARNING * * *
The goblin shoots a stone.
The stone hits you.
You die...

...(### #...(..
#......
#..#########
#.#...g)go.o..
#.#.(.###.....
#.#...# ......
####.#...#.......
......@.o.......#
####.####.#.
..........'.
.........>#.
............
.....#..###.#
.....##'###
..........#
..........#

Skill      XL: |  1  2  3  4 |
---------------+-------------+-----
Axes           | 2 3 |  3.1
Fighting       | 4 |  4.1
Armour         | |  0.7
Dodging        | |  2.6
Invocations    | |  2.0

Notes
Turn   | Place    | Note
-------+----------+-------------------------------------------
     0 | Abyss:1  | hehateme the Kobold Abyssal Knight began the quest for the
                  | Orb.
     0 | Abyss:1  | Reached XP level 1. HP: 14/14 MP: 2/2
   128 | Abyss:1  | Found a corrupted altar of Lugonu.
   176 | Abyss:1  | Found a corrupted altar of Lugonu.
   198 | Abyss:1  | Found a corrupted altar of Lugonu.
   324 | Abyss:1  | Noticed an apocalypse crab
   327 | D:1      | Escaped the Abyss
   808 | D:1      | Reached skill level 2 in Axes
   808 | D:1      | Reached XP level 2. HP: 10/19 MP: 3/3
  1247 | D:1      | Reached * piety under Lugonu
  1602 | D:2      | Reached XP level 3. HP: 16/24 MP: 4/4
  2623 | D:2      | Reached XP level 4. HP: 28/29 MP: 5/5
  2633 | D:2      | Found a sparkling altar of Nemelex Xobeh.
  2752 | D:2      | Reached skill level 4 in Fighting
  3101 | D:2      | Reached skill level 3 in Axes
  3434 | D:2      | Found a faded altar of an unknown god.
  3525 | D:3      | HP: 2/29 [orc priest/divine providence (11)]
  4039 | D:3      | HP: 2/29 [orc priest/divine providence (15)]
  4039 | D:3      | Shot with a stone by a goblin

Table legend: (Time is in decaauts)
 A = Elapsed time spent in this place.
 B = Non-inter-level travel time spent in this place.
 C = Inter-level travel time spent in this place.
 D = Time resting spent in this place.
 E = Time spent auto-exploring this place.
 F = Levels seen in this place.
 G = Mean time per level.
                   A        B        C        D        E       F      G
               +--------+--------+--------+--------+--------+-----+--------+
         Total |   4092 |   3996 |     96 |    760 |   2758 |   4 | 1023.0 |
       Dungeon |   3765 |   3669 |     96 |    760 |   2432 |   3 | 1255.0 |
         Abyss |    327 |    327 |      0 |      0 |    326 |   1 |  327.0 |
               +--------+--------+--------+--------+--------+-----+--------+

Top non-repeatable levels by time:
     D:2: 2319 daAuts
     D:1: 1220 daAuts
 Abyss:1: 327 daAuts
     D:3: 225 daAuts

Table legend:
 A = Kills in this place as a percentage of kills in entire the game.
 B = Kills by you in this place as a percentage of kills by you in the entire game.
 C = Kills by friends in this place as a percentage of kills by friends in the entire game.
 D = Other kills in this place as a percentage of other kills in the entire game.
 E = Experience gained in this place as a percentage of experience gained in the entire game.
 F = Experience gained in this place divided by the number of levels of this place that you have seen.
                   A       B       C       D       E      F
               +-------+-------+-------+-------+-------+----------------------
         Total | 100.0 | 100.0 |   N/A |   N/A | 100.0 |  29.8
       Dungeon | 100.0 | 100.0 |   N/A |   N/A | 100.0 |  39.7
               +-------+-------+-------+-------+-------+----------------------

Action                   |  1- 3 |  4- 6 || total
-------------------------+-------+-------++-------
Melee: Hand axe          |   118 |    64 ||   182
Throw: Stone             |    89 |    48 ||   137
Invok: Depart the Abyss  |     1 |       ||     1
  Use: Potion            |       |     1 ||     1
Armor: Leather armour    |    15 |     8 ||    23
Dodge: Dodged            |    72 |    54 ||   126

Vanquished Creatures
  2 oozes (D:3)
  An adder zombie (D:2)
  3 worms (D:2)
  2 leopard geckos (D:2)
  2 orcs (D:3)
  4 giant cockroaches
  2 goblins
  8 hobgoblins
  4 jackals
  8 kobolds
  4 quokkas
  2 bats (D:1)
  2 frilled lizards
  15 rats
59 creatures vanquished. You could see an orc priest and a goblin.

Levels and vault maps discovered:
D:1:      sevenhm_arrival_forest_fort_large_2, layout_rooms,
          chequers_serial_rivers_marsh
D:2:      minmay_inner_zag, layout_loops_corners,
          chequers_ecumenical_altar_island, minmay_misc_feat_columns,
          nemelex_xobeh_ov_fountains_minmay
D:3:      layout_basic, dancing_weapons_uskayaw
